[Event "10th Cesme Open-A 2024"]
[Site "Cesme"]
[Date "2024.06.25"]
[Round "4"]
[White "Bicer, Atakan Mert"]
[Black "Isik, Alparslan"]
[Result "1-0"]
[ECO "C78"]
[WhiteElo "2313"]
[BlackElo "2469"]
[Annotator "TA"]
[PlyCount "109"]
[EventDate "2024.06.23"]
[EventType "swiss"]
[EventCountry "TUR"]
[SourceTitle "playchess.com"]
[Source "ChessBase"]
[SourceQuality "1"]
[TimeControl "5400+30"]

1. e4 e5 2. Nf3 Nc6 3. Bb5 a6 4. Ba4 Nf6 5. O-O b5 6. Bb3 Bc5 7. c3 d6 8. h3 Bb7 9. d4 Bb6 10. Re1 h6 11. Be3 O-O 12. Nbd2 Rb8 {[%emt 0:04:30] C78: Ruy Lopez: Archangelsk and Möller Defences.} 13. a4 Re8 14. Bc2 exd4 15. cxd4 Nb4 16. a5 Ba7 17. Bf4 $146 ({Predecessor:} 17. d5 Bxe3 18. Rxe3 c6 19. dxc6 Nxc6 20. Nb3 Nb4 21. Bb1 Rc8 22. Qd2 Rc4 23. Nbd4 {0-1 Narayanan,S (2336)-Ashwin,J (2473) IND-chA 49th 2011 (1)}) 17... c5 18. d5 c4 19. Bb1 Qc7 20. Nf1 c3 21. bxc3 Qxc3 22. Bxd6 Rbd8 (22... Qxa1 $17 23. Qd2 (23. Bxb4 $2 Nxe4 24. Re2 Bxd5 $19) 23... Nbxd5) 23. e5 (23. Bxb4 $11 Qxb4 24. N1d2) 23... Nbxd5 (23... Rxd6 24. exd6 Rxe1 (24... Qxa1 $2 25. Rxe8+ Nxe8 26. d7 $18) 25. Qxe1 $16) 24. Ra3 Qc6 25. Qd2 $1 b4 26. Rd3 Nh5 $2 (26... Rxd6 $1 $11 {and Black is okay.} 27. exd6 Rxe1 (27... Ne4 $2 28. Rxe4 Rxe4 29. Rxd5 $18) 28. Qxe1 Bc5) 27. Rxd5 $1 $18 (27. Bxb4 Nhf4 28. Bd6 Nxd3 29. Qxd3 g6 $17) 27... Qxd5 {[%emt 0:00:30] [#]} 28. Qc2 $1 g6 29. Ba2 Rc8 30. Qb1 (30. Qxc8 Bxf2+ (30... Rxc8 31. Bxd5 Bxd5 32. Bxb4 $15) 31. Kh1 Rxc8 $17 (31... Qxa2 $2 32. Qxe8+ Kg7 33. e6 $18)) 30... Rc4 {[%emt 0:02:35] [#]} 31. N1d2 $1 (31. Bxc4 Qxc4 32. Ne3 (32. Bxb4 $2 Bxf3 33. e6 Ba8 $19) (32. Qxb4 Qxb4 33. Bxb4 Nf4 $17) 32... Bxe3 33. Rxe3 Nf4 $16) 31... Rec8 32. Nxc4 Rxc4 33. Bxc4 Qxc4 34. Qxb4 (34. Bxb4 Bxf3 35. e6 (35. gxf3 $2 {perishes.} Qh4 $19) 35... Bxg2 $14) (34. e6 $142 Bxf3 35. exf7+ (35. gxf3 Bxf2+ 36. Kxf2 Qd4+ 37. Kf1 Qxd6 $18) (35. Bxb4 Bxg2 36. e7 Bc6 $16) (35. Qxb4 Qxb4 36. Bxb4 Bxg2 $18) 35... Kxf7 36. Re7+ (36. gxf3 Bxf2+ 37. Kxf2 Qd4+ 38. Kf1 Qxd6 $18) 36... Kf6 37. Rxa7) 34... Qc2 35. Qd2 ({Stronger than} 35. Qxb7 Qxf2+ 36. Kh2 Qg3+ 37. Kh1 Qxe1+ 38. Nxe1 Ng3+ 39. Kh2 Nf1+ 40. Kh1 Ng3+ 41. Kh2 Nf1+ 42. Kh1 Ng3+ $11) 35... Qf5 $2 (35... Qxd2 36. Nxd2 Nf4) 36. Nh4 Qe6 37. Qxh6 Ng3 38. Qf4 Nh5 39. Qg4 Qa2 (39... Qxg4 $142 40. hxg4 Ng7) 40. Qe2 Qe6 41. Rb1 Nf4 (41... Ng3 $142 42. Qd1 Bd5) 42. Qd2 $18 Be4 43. Re1 Nd3 44. Re2 Qd5 45. Kh2 Bd4 46. Qg5 Nxe5 47. Bxe5 Bxe5+ 48. f4 f6 $2 (48... Bc7 49. Qxd5 Bxd5) 49. Qg4 Bd6 50. Nxg6 Kf7 51. Nh4 Bc5 52. Rxe4 Qxe4 53. Qh5+ Kg8 54. Qxc5 Qxf4+ 55. g3 1-0

[Event "10th Cesme Open-A 2024"]
[Site "Cesme"]
[Date "2024.06.25"]
[Round "4"]
[White "Koksal, Ege"]
[Black "Rasulov, Vugar"]
[Result "1-0"]
[ECO "D87"]
[WhiteElo "2297"]
[BlackElo "2557"]
[Annotator "TA"]
[PlyCount "163"]
[EventDate "2024.06.23"]
[EventType "swiss"]
[EventCountry "TUR"]
[SourceTitle "playchess.com"]
[Source "ChessBase"]
[SourceQuality "1"]
[TimeControl "5400+30"]

1. d4 Nf6 2. c4 g6 3. Nc3 d5 4. cxd5 Nxd5 5. e4 Nxc3 6. bxc3 Bg7 7. Bc4 c5 8. Ne2 Nc6 9. Be3 O-O 10. O-O Qc7 11. Rc1 Rd8 12. Qd2 Qa5 {[%emt 0:05:30] has lost popularity (12...b6).} 13. Rfd1 cxd4 14. cxd4 Qxd2 {[%emt 0:00:00] D87: Exchange Grünfeld: Classical Line: Variations without ...cxd4.} 15. Rxd2 Bd7 16. f3 Rac8 17. Rdc2 e6 $146 ({Predecessor:} 17... Na5 18. Bd3 Rxc2 19. Rxc2 Rc8 20. Rxc8+ Bxc8 21. Kf2 Be6 22. d5 Bd7 23. Bd4 Bxd4+ 24. Nxd4 {½-½ Ilincic,Z (2399)-Farago,I (2401) Budapest FS06 GM 2017 (7)}) 18. Bb3 Na5 19. Rxc8 Rxc8 20. Rxc8+ Bxc8 21. Bc2 Nc4 22. Bc1 Bd7 23. Kf2 Bb5 24. Bd3 Kf8 25. e5 Nd6 26. Bxg6 hxg6 27. Ba3 Ke8 28. Bxd6 Bh6 29. Nc3 Bc4 30. a3 Kd7 31. h4 f5 32. g4 Bc1 {[%emt 0:03:30] [#]} (32... Bd2 $11 {remains equal.} 33. Bb4 fxg4) 33. Ne2 $1 $16 Bb2 {[%emt 0:00:30] [#]} 34. Nf4 $1 Bxd4+ 35. Kg3 fxg4 36. fxg4 Bc3 37. Nxg6 b5 $2 (37... Ke8 $16 {was worth a try.} 38. h5 Kf7) 38. h5 (38. g5 $142) 38... Bd2 $18 39. Nf4 Bb3 $2 (39... Ke8 40. Bb4 Bc1) 40. g5 $18 a5 41. g6 Bc2 42. h6 $2 ({Only move:} 42. Kf3 $18 {Threatens to win with h6.} Bd1+ 43. Kf2 (43. Ne2 Ke8 $16)) 42... Bxf4+ $11 43. Kxf4 Bxg6 44. Kg5 Bf5 45. Kf6 Kc6 46. Be7 Kd7 47. Bc5 Kc6 48. Bd6 Kd5 49. Bc7 $1 a4 $1 (49... b4 50. Bxa5 b3 (50... bxa3 $2 51. Bb4 $18) 51. Bc3 $18) 50. Ba5 Kd4 51. Bb4 Kd5 52. Be1 Kd4 53. Bd2 Kd5 54. Bb4 Kd4 55. h7 Bxh7 56. Kxe6 Ke4 57. Kf6 Bf5 58. e6 Bg4 59. e7 Bh5 60. Kg7 Kf5 61. Kf8 Ke6 $2 (61... Ke5 $1 $11 {and Black has nothing to worry.} 62. e8=Q+ (62. e8=B Bg4 $18) 62... Bxe8 63. Kxe8 Kf5) 62. e8=Q+ $18 ({Resist} 62. e8=B Be2 63. Bc6 Kf6 $18) (62. e8=R+ Kd5 63. Re3 Kd4 $18) 62... Bxe8 63. Kxe8 Kf6 64. Kd7 Ke5 65. Kc6 Ke6 66. Bd6 ({Less strong is} 66. Kxb5 Kd7 67. Bd2 (67. Kxa4 Kc6 $18) 67... Kd8 $18) 66... Kf7 67. Kd5 Kf6 68. Bh2 Kf5 69. Be5 Kg6 70. Ke6 Kg5 71. Bh2 Kg4 72. Kf6 Kf3 73. Kf5 Ke3 $2 (73... Kg2 $18) 74. Ke5 Kf3 75. Kd5 Ke3 76. Be5 Kd3 77. Bd4 Kc2 78. Bf6 Kd3 79. Bg5 Ke2 80. Kc5 Kd3 81. Kxb5 Kd4 82. Kxa4 1-0

[Event "10th Cesme Open-A 2024"]
[Site "Cesme"]
[Date "2024.06.25"]
[Round "4"]
[White "Karaoglan, Kivanc"]
[Black "Emir, Emirhan"]
[Result "1-0"]
[ECO "C02"]
[WhiteElo "2274"]
[BlackElo "2006"]
[Annotator "RC"]
[PlyCount "77"]
[EventDate "2024.06.23"]
[EventType "swiss"]
[EventCountry "TUR"]
[SourceTitle "playchess.com"]
[Source "ChessBase"]
[SourceQuality "1"]
[TimeControl "5400+30"]

1. e4 e6 2. d4 d5 3. e5 c5 4. c3 Nc6 5. Nf3 Bd7 6. Be2 Nge7 7. O-O Nf5 8. dxc5 Bxc5 9. b4 Be7 10. b5 Na5 11. Nbd2 Rc8 12. Nb3 Nc4 13. a4 h5 14. Nbd4 Nh6 15. Bd3 g5 16. Re1 Na5 17. Bb2 g4 18. Nd2 h4 19. Qe2 Bg5 20. N2b3 Nc4 21. Bc1 Rg8 22. g3 Bxc1 23. Rexc1 Rg5 24. Bxc4 Rxc4 25. Nd2 Rc8 26. c4 hxg3 27. hxg3 f6 28. exf6 Qxf6 29. N2b3 dxc4 30. Rxc4 Rxc4 31. Qxc4 Nf7 32. Qc7 Nd8 33. Re1 Rh5 34. Re4 Qh8 35. Kf1 Rd5 36. Ke2 e5 37. Qc4 Rd6 38. Nc5 Rxd4 39. Qxd4 1-0

[Event "10th Cesme Open-A 2024"]
[Site "Cesme"]
[Date "2024.06.25"]
[Round "4"]
[White "Barrish, Daniel"]
[Black "Fromm, Marius"]
[Result "0-1"]
[ECO "D07"]
[WhiteElo "2256"]
[BlackElo "2465"]
[Annotator "TA"]
[PlyCount "64"]
[EventDate "2024.06.23"]
[EventType "swiss"]
[EventCountry "TUR"]
[SourceTitle "playchess.com"]
[Source "ChessBase"]
[SourceQuality "1"]
[TimeControl "5400+30"]

1. d4 d5 2. c4 Nc6 3. cxd5 Qxd5 4. e3 e5 5. Nc3 Bb4 6. a3 Bxc3+ 7. bxc3 Nf6 8. c4 Qd6 9. d5 Ne7 {[%emt 0:00:30] White is slightly better.} 10. a4 c6 11. Ba3 Qd8 12. Qb3 (12. Nf3 $16) 12... cxd5 13. cxd5 {[%emt 0:10:30] Black must now prevent Bb5+.} Qa5+ 14. Bb4 Qxd5 15. Qa3 Nc6 16. Rd1 Qe4 17. Bc5 {[%emt 0:14:30] A strong pair of Bishops.} Be6 18. Nf3 Rd8 {[%emt 0:00:30] [#] ( -> ...Rxd1+)} 19. Rxd8+ (19. Bd3 Qg4 20. O-O e4 $19) (19. Bd6 $5) 19... Kxd8 20. Nd2 {[%emt 0:08:30] Inhibits Qb1+.} Qg6 (20... Qd5 $17 {And now ...Kc8 would win.} 21. f3 Qa2) 21. Be2 (21. e4 $1 $11 {keeps the balance.}) 21... Kc8 {[%emt 0:02:30][%cal Oh8d8] Threatens to win with ...Rd8!} 22. a5 ({White has to play} 22. O-O Bh3 23. Bf3) 22... Rd8 $17 23. a6 Qc2 (23... Qxg2 $2 {is the wrong capture.} 24. axb7+ (24. Bf3 Qh3 $18) 24... Kc7 (24... Kxb7 $2 25. Bf3 $18) 25. Bf3 $18) (23... b6 $19 {has better winning chances.} 24. Be7 Rd7 (24... Qxg2 $2 25. Bf3 $18)) 24. axb7+ Kxb7 25. Bd6 Qa2 26. Ba6+ {[%emt 0:01:06] [#]} Ka8 $1 {[%emt 0:00:30][%cal Od8d6] Chess con chili.} 27. Bb5 {[%emt 0:00:19] White does not recover from this.} (27. Be2 $17 {was necessary.}) 27... Qd5 $19 28. Bxc6+ Qxc6 29. Bc5 {[%emt 0:00:10][%csl Gc5][%cal Ra3a7] White is weak on the light squares} a6 $40 {[%emt 0:01:30][%cal Od8d2][%mdl 128] ...Rxd2! would now be deadly. Black goes for the king. Active counter play!} ({Not} 29... Qxg2 30. Qxa7#) 30. Nf3 (30. f3) 30... Qb5 {[%emt 0:02:24] Black is clearly winning.} 31. Bb4 Rd3 32. Qa1 Qxb4+ {[%emt 0:00:20] Weighted Error Value: White=0.65/Black=0.22 (precise) .  Mistake:       	White=5     	Black=2      Inaccurate:     	White=1     	Black=1      OK:         	White=9     	Black=7      Best:        	White=4     	Black=1      Strong:       	---       	Black=1} 0-1

[Event "10th Cesme Open-A 2024"]
[Site "Cesme"]
[Date "2024.06.25"]
[Round "4"]
[White "Eke, Salih"]
[Black "Haznedaroglu, Kivanc"]
[Result "1/2-1/2"]
[ECO "A70"]
[WhiteElo "2251"]
[BlackElo "2359"]
[Annotator "RC"]
[PlyCount "73"]
[EventDate "2024.06.23"]
[EventType "swiss"]
[EventCountry "TUR"]
[SourceTitle "playchess.com"]
[Source "ChessBase"]
[SourceQuality "1"]
[TimeControl "5400+30"]

1. d4 Nf6 2. c4 e6 3. Nf3 c5 4. d5 exd5 5. cxd5 d6 6. Nc3 g6 7. e4 Bg7 8. h3 O-O 9. Bd3 a6 10. a4 Re8 11. O-O Nbd7 12. Bf4 Qc7 13. Re1 Rb8 14. Bf1 Nh5 15. Bh2 Ne5 16. g4 Nxf3+ 17. Qxf3 Nf6 18. Qf4 Re5 19. Qd2 Re8 20. e5 dxe5 21. d6 Qd8 22. Bxe5 Be6 23. g5 Nd7 24. Bxg7 Kxg7 25. Ne4 Kg8 26. Qf4 Bf5 27. Ng3 Be6 28. a5 b5 29. axb6 Rxb6 30. Rxa6 Rxa6 31. Bxa6 Qb6 32. Bc4 Qb4 33. Re4 Qxb2 34. Bxe6 Rxe6 35. Rxe6 fxe6 36. Ne4 Kg7 37. Nf6 1/2-1/2

[Event "10th Cesme Open-A 2024"]
[Site "Cesme"]
[Date "2024.06.25"]
[Round "4"]
[White "Ince, Taylan Ruzgar"]
[Black "Demirtas, Alper"]
[Result "1-0"]
[ECO "E09"]
[WhiteElo "2243"]
[BlackElo "2057"]
[Annotator "RC"]
[PlyCount "54"]
[EventDate "2024.06.23"]
[EventType "swiss"]
[EventCountry "TUR"]
[SourceTitle "playchess.com"]
[Source "ChessBase"]
[SourceQuality "1"]
[TimeControl "5400+30"]

1. Nf3 Nf6 2. g3 d5 3. Bg2 e6 4. O-O Be7 5. d4 O-O 6. c4 c6 7. b3 b6 8. Nc3 Nbd7 9. Bb2 Bb7 10. Qd3 Rc8 11. e4 dxe4 12. Nxe4 Nxe4 13. Qxe4 Nf6 14. Qe2 c5 15. Rad1 Qc7 16. dxc5 bxc5 17. Ne5 Bxg2 18. Kxg2 Rfd8 19. Qf3 Bd6 20. Rfe1 Ne8 21. Re2 Bxe5 22. Bxe5 Qa5 23. Bc3 Qc7 24. Red2 Rxd2 25. Rxd2 Qe7 26. Qd3 f6 27. Qd7 Rc7 1-0

[Event "10th Cesme Open-A 2024"]
[Site "Cesme"]
[Date "2024.06.25"]
[Round "4"]
[White "Caputcuoglu, Zeki Berke"]
[Black "Yildiz, Serdar Murat"]
[Result "0-1"]
[ECO "E11"]
[WhiteElo "2239"]
[BlackElo "2026"]
[Annotator "RC"]
[PlyCount "58"]
[EventDate "2024.06.23"]
[EventType "swiss"]
[EventCountry "TUR"]
[SourceTitle "playchess.com"]
[Source "ChessBase"]
[SourceQuality "1"]
[TimeControl "5400+30"]

1. Nf3 Nf6 2. c4 e6 3. d4 Bb4+ 4. Nbd2 a5 5. a3 Be7 6. e4 d5 7. Bd3 c5 8. e5 Nfd7 9. cxd5 exd5 10. Qe2 Nc6 11. dxc5 Nxc5 12. Bc2 b6 13. Nb3 Ba6 14. Qd1 O-O 15. Nbd4 Qc7 16. Nxc6 Qxc6 17. Nd4 Qc7 18. f4 Rae8 19. Be3 f6 20. Qh5 Bd3 21. Ne6 Nxe6 22. Bxd3 g6 23. Qh3 Bc5 24. Bb5 Bxe3 25. Qxe3 Nxf4 26. O-O Rxe5 27. Qxf4 Qc5+ 28. Kh1 Qxb5 29. Rac1 Rf5 0-1

[Event "10th Cesme Open-A 2024"]
[Site "Cesme"]
[Date "2024.06.25"]
[Round "4"]
[White "Ozcan, Kaan"]
[Black "Ozsakallioglu, Okan"]
[Result "1/2-1/2"]
[ECO "D19"]
[WhiteElo "2227"]
[BlackElo "2402"]
[Annotator "RC"]
[PlyCount "47"]
[EventDate "2024.06.23"]
[EventType "swiss"]
[EventCountry "TUR"]
[SourceTitle "playchess.com"]
[Source "ChessBase"]
[SourceQuality "1"]
[TimeControl "5400+30"]

1. d4 d5 2. c4 c6 3. Nc3 Nf6 4. Nf3 dxc4 5. a4 Bf5 6. e3 e6 7. Bxc4 Bb4 8. O-O O-O 9. Qe2 Bg6 10. Ne5 Nbd7 11. Nxg6 hxg6 12. Rd1 Qe7 13. e4 e5 14. d5 Nb6 15. Bb3 cxd5 16. a5 d4 17. axb6 dxc3 18. bxc3 Bxc3 19. Rxa7 Rad8 20. Bg5 Bd4 21. Bd5 Rd7 22. Rb1 Qd6 23. Bxf6 Qxf6 24. Rxb7 1/2-1/2

[Event "10th Cesme Open-A 2024"]
[Site "Cesme"]
[Date "2024.06.25"]
[Round "4"]
[White "Kirilmaz, Emre"]
[Black "Portakalci, Yusuf"]
[Result "1-0"]
[ECO "D36"]
[WhiteElo "2195"]
[BlackElo "2034"]
[Annotator "RC"]
[PlyCount "62"]
[EventDate "2024.06.23"]
[EventType "swiss"]
[EventCountry "TUR"]
[SourceTitle "playchess.com"]
[Source "ChessBase"]
[SourceQuality "1"]
[TimeControl "5400+30"]

1. d4 d5 2. c4 e6 3. Nc3 Nf6 4. cxd5 exd5 5. Bg5 c6 6. e3 Nbd7 7. Bd3 Be7 8. Qc2 Nf8 9. Nf3 h6 10. Bh4 Ne6 11. O-O-O Qc7 12. Kb1 Bd7 13. Ne5 Rf8 14. Rc1 O-O-O 15. Bf5 Qa5 16. Ne2 Kb8 17. Nxd7+ Rxd7 18. Nf4 Ne4 19. Bxe6 fxe6 20. Bxe7 Rxe7 21. f3 Nd2+ 22. Ka1 Rf6 23. b3 e5 24. dxe5 Rxe5 25. b4 Qa3 26. Qxd2 Rxe3 27. Rhe1 Rxe1 28. Rxe1 a6 29. Nd3 Rf8 30. Nc5 Ka8 31. Re3 Rh8 1-0

[Event "10th Cesme Open-A 2024"]
[Site "Cesme"]
[Date "2024.06.25"]
[Round "4"]
[White "Jafarli, Babak"]
[Black "Cakiroglu, Metin"]
[Result "1-0"]
[ECO "B30"]
[WhiteElo "2192"]
[BlackElo "2039"]
[Annotator "RC"]
[PlyCount "51"]
[EventDate "2024.06.23"]
[EventType "swiss"]
[EventCountry "TUR"]
[SourceTitle "playchess.com"]
[Source "ChessBase"]
[SourceQuality "1"]
[TimeControl "5400+30"]

1. e4 c5 2. Nf3 Nc6 3. Bb5 Qb6 4. a4 Nd4 5. Nxd4 cxd4 6. O-O g6 7. Qe2 Bg7 8. a5 Qc7 9. d3 Nf6 10. f4 O-O 11. Bc4 d6 12. Nd2 Rb8 13. Nf3 Bg4 14. h3 Bxf3 15. Qxf3 Nd7 16. b4 b5 17. axb6 axb6 18. Bd2 b5 19. Bb3 Kh8 20. f5 Ne5 21. Qe2 Ra8 22. Rac1 Qb6 23. g4 Nc4 24. dxc4 d3+ 25. Qe3 Bd4 26. Bc3 1-0

[Event "10th Cesme Open-A 2024"]
[Site "Cesme"]
[Date "2024.06.25"]
[Round "4"]
[White "Selbes, Tamer Tarik"]
[Black "Danaci, Ege"]
[Result "1-0"]
[ECO "C00"]
[WhiteElo "2183"]
[BlackElo "2005"]
[Annotator "RC"]
[PlyCount "95"]
[EventDate "2024.06.23"]
[EventType "swiss"]
[EventCountry "TUR"]
[SourceTitle "playchess.com"]
[Source "ChessBase"]
[SourceQuality "1"]
[TimeControl "5400+30"]

1. e4 c5 2. Nf3 e6 3. d3 Nc6 4. g3 d5 5. Qe2 Nf6 6. Bg2 Be7 7. O-O O-O 8. e5 Nd7 9. h4 Qc7 10. Bf4 b5 11. Nbd2 Re8 12. Rfe1 a5 13. c3 Ba6 14. Nf1 a4 15. a3 Qb6 16. h5 b4 17. h6 g6 18. Ne3 bxc3 19. bxc3 Rab8 20. Bh3 Nf8 21. Ng5 Qb2 22. Qf3 Qxc3 23. Nxd5 Qxd3 24. Nxe7+ Nxe7 25. Be3 Nf5 26. Bf1 Qd5 27. Bxa6 Rb3 28. Qxd5 exd5 29. Bxc5 Nd7 30. Bd6 Nxh6 31. Rac1 Nf5 32. Rc8 Rxc8 33. Bxc8 Nb6 34. Bxf5 gxf5 35. Rd1 f4 36. gxf4 h6 37. e6 fxe6 38. Nxe6 Nc4 39. Bc5 Nxa3 40. Rxd5 Nc2 41. f5 a3 42. Rd8+ Kh7 43. Rd7+ Kg8 44. Rg7+ Kh8 45. Ra7 Rf3 46. Nd4 Nxd4 47. Bxd4+ Kg8 48. f6 1-0

[Event "10th Cesme Open-A 2024"]
[Site "Cesme"]
[Date "2024.06.25"]
[Round "4"]
[White "Ozkan, Ervin"]
[Black "Yurtseven, Melih"]
[Result "0-1"]
[ECO "A45"]
[WhiteElo "2147"]
[BlackElo "2333"]
[Annotator "RC"]
[PlyCount "164"]
[EventDate "2024.06.23"]
[EventType "swiss"]
[EventCountry "TUR"]
[SourceTitle "playchess.com"]
[Source "ChessBase"]
[SourceQuality "1"]
[TimeControl "5400+30"]

1. d4 Nf6 2. Bf4 b6 3. Nc3 Bb7 4. f3 e6 5. e4 d5 6. e5 Nfd7 7. Be3 c5 8. f4 cxd4 9. Bxd4 Nc6 10. Nf3 Nxd4 11. Nxd4 Bc5 12. Bb5 O-O 13. O-O f6 14. Bxd7 Qxd7 15. Qd2 Ba6 16. Rfe1 fxe5 17. Rxe5 Bd6 18. Rae1 Bxe5 19. Rxe5 Qd6 20. h3 Rf6 21. Qe3 Raf8 22. g3 Bc8 23. Nd1 h6 24. Nf2 Qb4 25. b3 Qa3 26. Ng4 R6f7 27. Qd3 Kh8 28. Rh5 Qb2 29. Qe3 Rf5 30. Rxf5 exf5 31. Ne5 Kh7 32. Nef3 Qa3 33. h4 Qxa2 34. Qe7 Kg8 35. Qe5 Qa5 36. h5 Qc5 37. Nh4 Bd7 38. b4 Qxb4 39. Qxd5+ Rf7 40. Ng6 Qc5 41. Qa8+ Bc8 42. Kh2 Rb7 43. Kh3 Qc7 44. Ne7+ Qxe7 45. Qxc8+ Kh7 46. Ne6 g5 47. hxg6+ Kxg6 48. Qg8+ Kf6 49. Nd4 Rd7 50. Nf3 Qg7 51. Qe8 Re7 52. Qc6+ Re6 53. Qd5 Qg4+ 54. Kg2 Qg8 55. Ne5 Qe8 56. Nd7+ Kg7 57. Qd4+ Kg6 58. Qd5 Kg7 59. Qd4+ Kh7 60. Nf6+ Rxf6 61. Qxf6 Qd7 62. Kh3 b5 63. Kh4 a5 64. g4 fxg4 65. f5 Qg7 66. Qe6 Qg5+ 67. Kg3 h5 68. Qf7+ Kh6 69. Qe6+ Kg7 70. Qd7+ Kf8 71. Qc8+ Kf7 72. Qe6+ Kf8 73. Qc8+ Ke7 74. Qe6+ Kd8 75. Qd6+ Ke8 76. Qe6+ Qe7 77. Qc6+ Qd7 78. Qg6+ Qf7 79. Qc6+ Kf8 80. Qxb5 a4 81. Kh4 Qe7+ 82. Kxh5 Qe8+ 0-1

[Event "10th Cesme Open-A 2024"]
[Site "Cesme"]
[Date "2024.06.25"]
[Round "4"]
[White "Isgenderova, Hayale"]
[Black "Gunduz, Umut Erdem"]
[Result "1/2-1/2"]
[ECO "B31"]
[WhiteElo "2103"]
[BlackElo "2312"]
[Annotator "RC"]
[PlyCount "39"]
[EventDate "2024.06.23"]
[EventType "swiss"]
[EventCountry "TUR"]
[SourceTitle "playchess.com"]
[Source "ChessBase"]
[SourceQuality "1"]
[TimeControl "5400+30"]

1. e4 c5 2. Nf3 Nc6 3. Bb5 g6 4. O-O Bg7 5. c3 Nf6 6. Re1 a6 7. Bf1 d6 8. h3 O-O 9. d4 cxd4 10. cxd4 d5 11. e5 Ne4 12. Nc3 Bf5 13. g4 Be6 14. Bd3 Nb4 15. Bb1 Rc8 16. Nxe4 dxe4 17. Ng5 Nd3 18. Bxd3 exd3 19. Nxe6 fxe6 20. Qxd3 1/2-1/2

[Event "10th Cesme Open-A 2024"]
[Site "Cesme"]
[Date "2024.06.25"]
[Round "4"]
[White "Zerey, Demhat"]
[Black "Kilic, Eray"]
[Result "1-0"]
[ECO "A48"]
[WhiteElo "2038"]
[BlackElo "2443"]
[Annotator "TA"]
[PlyCount "85"]
[EventDate "2024.06.23"]
[EventType "swiss"]
[EventCountry "TUR"]
[SourceTitle "playchess.com"]
[Source "ChessBase"]
[SourceQuality "1"]
[TimeControl "5400+30"]

1. d4 Nf6 2. Bf4 g6 3. Nf3 Bg7 4. e3 d6 5. h3 O-O 6. Be2 c5 7. O-O Nc6 8. d5 Nb4 9. Nc3 Bf5 {[%emt 0:01:30] White has an edge.} 10. a3 Na6 (10... Nxc2 $6 11. Rc1 $16) (10... Bxc2 $6 11. Qd2 $16) 11. Nd2 Nc7 12. e4 Bd7 13. a4 a6 14. a5 Nb5 15. Na4 $1 Qxa5 {[%emt 0:16:30] [#]} 16. Nxc5 $1 Qb6 (16... Qc7 17. Nxd7) 17. Na4 {[%emt 0:04:30] White is more active.} Qd8 18. Be3 {[%emt 0:01:30] Against Nd4} Ne8 (18... e6 $142) 19. Nc4 f5 (19... Nf6 $16) 20. Ncb6 f4 21. Nxd7 Qxd7 22. Nb6 Qd8 23. Bxb5 fxe3 24. Nxa8 exf2+ 25. Rxf2 Rxf2 26. Kxf2 {[%emt 0:00:30] Black must now prevent Bxe8.} axb5 (26... Nf6 $16) 27. c3 $1 $18 Be5 28. Qe2 Nf6 29. Kg1 b4 30. Qc4 {[%emt 0:01:30] Hoping for Nc7.} (30. cxb4 $6 Qc8 $16) 30... bxc3 31. bxc3 {[%emt 0:00:30] And now Nc7 would win.} Qf8 $2 {[%emt 0:00:00] [#]} (31... Ne8 32. Qb4 Nf6 33. Qxb7 Bxc3) 32. Nc7 $1 Qh6 33. Ne6 {[%emt 0:06:00] Qc8+ would now be deadly.} Qe3+ 34. Kf1 (34. Kh1 $142 {Intending Qc8+ and mate.} h5 35. Qc7) 34... h5 35. Re1 Qd2 $2 (35... Qxc3 {is a better chance.} 36. Qxc3 Bxc3) 36. Qc8+ Kh7 {[%emt 0:00:00] ( -> ...Bg3)} 37. Qf8 Qd3+ (37... Nd7 $18 38. Qxe7+ Kh6) 38. Kg1 {[%emt 0:00:00][%cal Re6g5] White mates.} Nxe4 39. Qxe7+ Kh6 40. Qf8+ ({Worse is} 40. Qxb7 Bh2+ 41. Kh1 Be5 $11) 40... Kh7 {[%emt 0:00:00] [#]} 41. Rxe4 $1 Qd1+ {[%emt 0:00:00] [#]} 42. Kf2 $1 ({Stronger than} 42. Qf1 Bh2+ 43. Kf2 Bg3+ 44. Kg1 Bh2+ 45. Kf2 Bg3+ 46. Kg1 Bh2+ $11) 42... Qc2+ 43. Re2 {[%emt 0:00:30] Weighted Error Value: White=0.09 (flawless) /Black=0.47.  Mistake:       	White=1     	Black=6      Inaccurate:     	---       	Black=4      OK:         	White=12    	Black=12     Best:        	White=5     	Black=2      Strong:       	White=3     	---        Brilliant:      	White=1     	---} 1-0

[Event "10th Cesme Open-A 2024"]
[Site "Cesme"]
[Date "2024.06.25"]
[Round "4"]
[White "Ceyhan, Mert"]
[Black "Bolat, Inayat"]
[Result "0-1"]
[ECO "C26"]
[WhiteElo "2018"]
[BlackElo "2232"]
[Annotator "RC"]
[PlyCount "134"]
[EventDate "2024.06.23"]
[EventType "swiss"]
[EventCountry "TUR"]
[SourceTitle "playchess.com"]
[Source "ChessBase"]
[SourceQuality "1"]
[TimeControl "5400+30"]

1. e4 e5 2. Nc3 Nf6 3. g3 Bc5 4. Bg2 c6 5. Nf3 d5 6. exd5 e4 7. Ng5 Bxf2+ 8. Kxf2 Ng4+ 9. Ke1 Qxg5 10. d3 e3 11. Qf3 O-O 12. h3 Ne5 13. Qxe3 Qd8 14. Bd2 Re8 15. Kf1 cxd5 16. Bxd5 Nbc6 17. Kg2 Nb4 18. Bb3 Nexd3 19. Qg5 Qxg5 20. Bxg5 Nc5 21. Rhe1 Bf5 22. Rxe8+ Rxe8 23. Rf1 Bg6 24. Rf2 h6 25. Bf4 Nxb3 26. cxb3 Re1 27. Rf1 Re6 28. Rf2 b5 29. Re2 Rxe2+ 30. Nxe2 Be4+ 31. Kg1 Nd3 32. Be3 a6 33. Bd4 Bf3 34. Nf4 Nc1 35. Be3 Nxa2 36. Bd2 a5 37. Bxa5 Nc1 38. b4 g5 39. Kf2 gxf4 40. Kxf3 fxg3 41. Kxg3 Nd3 42. b3 f5 43. Kf3 Kf7 44. Ke3 Nc1 45. Bb6 Nxb3 46. Kd3 Nc1+ 47. Kd2 Na2 48. Bc5 Kg6 49. Bf8 f4 50. Ke2 Kf5 51. Kf3 Nc1 52. Bxh6 Nd3 53. Bg7 Nxb4 54. h4 Nd5 55. h5 b4 56. Bb2 Kg5 57. h6 Kxh6 58. Kg4 Kg6 59. Be5 Kf7 60. Kf3 Ke6 61. Ke4 Kd7 62. Kd4 f3 63. Bg3 b3 64. Kd3 Nf4+ 65. Kd2 b2 66. Kc2 Nd3 67. Kb1 Ke6 0-1

[Event "10th Cesme Open-A 2024"]
[Site "Cesme"]
[Date "2024.06.25"]
[Round "4"]
[White "Demirbas, Emre"]
[Black "Domalchuk-Jonasson, Aleksandr"]
[Result "0-1"]
[ECO "A09"]
[WhiteElo "2012"]
[BlackElo "2380"]
[Annotator "RC"]
[PlyCount "120"]
[EventDate "2024.06.23"]
[EventType "swiss"]
[EventCountry "TUR"]
[SourceTitle "playchess.com"]
[Source "ChessBase"]
[SourceQuality "1"]
[TimeControl "5400+30"]

1. Nf3 d5 2. c4 d4 3. e3 Nc6 4. a3 a5 5. exd4 Nxd4 6. Nxd4 Qxd4 7. Nc3 c6 8. d3 Nh6 9. Be3 Qf6 10. Qd2 Ng4 11. Ne4 Qg6 12. Be2 Nxe3 13. Qxe3 Qh6 14. Qd4 f5 15. Nc3 Qf6 16. Qxf6 gxf6 17. Bh5+ Kd8 18. d4 e5 19. O-O-O Kc7 20. Rhe1 Bg7 21. dxe5 fxe5 22. Na4 b6 23. c5 bxc5 24. Nxc5 Rb8 25. Bf7 Bf6 26. Bc4 Rb6 27. Na4 Rb7 28. Nc5 Ra7 29. Kc2 a4 30. b3 axb3+ 31. Kxb3 Ra5 32. Ne6+ Kb6 33. Ka2 Be7 34. Rb1+ Ka7 35. Re3 Re8 36. Rh3 Ra4 37. Rxh7 Rxc4 38. Nc7 Rd8 39. Rxe7 Rd7 40. Rxe5 Rxc7 41. Ra5+ Ba6 42. Rxf5 Rd7 43. Rb4 Rc2+ 44. Kb3 Rcd2 45. Ka4 R2d3 46. Rf3 Bb5+ 47. Ka5 R3d5 48. Rbf4 Be2+ 49. Kb4 Rb7+ 50. Kc3 Bxf3 51. Rxf3 Ra5 52. Kc2 Rh5 53. h3 Rhh7 54. Rc3 Rbf7 55. f3 Rfg7 56. g4 Rxh3 57. Kd2 Rf7 58. Ke2 Rg3 59. Re3 Kb6 60. Kf2 Rxg4 0-1